 Dungeon Crawl Stone Soup version 0.21.0-3-g78d12a8 (webtiles) character file.

28220 wazuzu the Carver (level 13, -3/88 HPs)
             Began as a Halfling Fighter on Jan 8, 2018.
             Was a Priest of the Shining One.
             Slain by a spiny frog (20 damage)
             ... on level 6 of the Lair of Beasts.
             The game lasted 00:49:21 (14327 turns).

wazuzu the Carver (Halfling Fighter)               Turns: 14327, Time: 00:49:22

Health: -3/88      AC: 12    Str: 21    XL:     13   Next: 71%
Magic:  20/21      EV: 19    Int:  6    God:    the Shining One [***...]
Gold:   1025       SH:  0    Dex: 15    Spells: 8/12 levels left

rFire    + + .     SeeInvis .   b - +4 scimitar (flame)
rCold    + + .     Gourm    .   (shield restricted)
rNeg     + . .     Faith    .   m - +0 ring mail {rC+}
rPois    .         Spirit   .   g - +1 helmet
rElec    .         Reflect  .   B - scarf {rC+ rF+}
rCorr    .         Harm     .   s - +2 pair of gloves
MR       .....                  (no boots)
Stlth    +.........             i - amulet of regeneration
HPRegen  0.64/turn              e - ring of protection from fire
MPRegen  0.17/turn              w - ring of stealth

@: glowing
A: small, mutation resistance 1
a: Divine Shield, Renounce Religion


You were on level 6 of the Lair of Beasts.
You worshipped the Shining One.
The Shining One was most pleased with you.
You were not hungry.

You visited 2 branches of the dungeon, and saw 16 of its levels.

You collected 1115 gold pieces.
You spent 90 gold pieces at shops.

Inventory:

Hand Weapons
 a - the +9 staff of Olgreb {rPois}
   (You found it on level 10 of the Dungeon)

   It protects you from poison.
 b - a +4 scimitar of flaming (weapon)
Armour
 g - a +1 helmet (worn)
 m - a +0 ring mail of cold resistance (worn)
 p - a +2 buckler
 s - a +2 pair of gloves (worn)
 B - a scarf of resistance (worn)
 L - a +0 pair of boots
Jewellery
 e - a ring of protection from fire (left hand)
 i - an amulet of regeneration (around neck)
 t - an uncursed ring of protection from cold
 w - a ring of stealth (right hand)
 C - an uncursed ring of positive energy
 D - an uncursed ring of poison resistance {unknown}
 I - an uncursed amulet of faith {unknown}
Wands
 u - a wand of digging (8)
 A - a wand of disintegration (10)
Scrolls
 d - 2 scrolls of teleportation
 k - 12 scrolls of remove curse
 n - 3 scrolls of blinking
 y - a scroll of enchant weapon
 z - 4 scrolls of fog
 F - 3 scrolls of identify
 K - a scroll of enchant armour
Potions
 c - 3 potions of curing
 h - 2 potions of flight
 j - 2 potions of mutation
 l - a potion of brilliance {unknown}
 o - 2 potions of magic
 r - 4 potions of haste
 v - a potion of ambrosia {unknown}
 x - a potion of heal wounds
 G - a potion of berserk rage
 H - a potion of might
 J - a potion of agility {unknown}
Miscellaneous
 E - a sack of spiders
 M - 2 boxes of beasts
 N - a lightning rod (3/4)
Comestibles
 f - 37 rations
 O - 6 chunks of flesh


   Skills:
 - Level 8.0 Fighting
 - Level 14.0 Long Blades
 - Level 8.0 Armour
 - Level 8.1 Dodging
 - Level 6.0 Shields
 + Level 10.7 Evocations


You had 8 spell levels left.
You knew the following spells:

 Your Spells              Type           Power        Failure   Level  Hunger
a - Apportation           Tloc           #.....       58%         1    ##.....
b - Lesser Beckoning      Tloc           #.........   92%         3    ####...


Dungeon Overview and Level Annotations

Branches:
Dungeon (10/15)            Temple (0/1) D:7            Lair (6/6) D:8
 Shoals (0/4) Lair:4       Spider (0/4) Lair:3        Slime (0/5) Lair:6
    Orc (0/2) D:10

Altars:
Ashenzari
Cheibriados
Kikubaaqudgha
Ru
Sif Muna
Trog
Uskayaw
Wu Jian
Xom
Zin
The Shining One

Shops:
D:8 ?

Annotations:
D:6 2 transporters
D:10 1 runed door
Lair:6 exclusion: oklob plant


Innate Abilities, Weirdness & Mutations

You are small and have problems with some larger weapons.
You are somewhat resistant to further mutation.


Message History

The mass of ice explodes!
The iceblast engulfs the dire elephant.
You kill the dire elephant!
The now-empty wand crumbles to dust.
The spiny frog completely misses you.
You riposte.
You hit the spiny frog but do no damage.
The spiny frog stings you but does no damage.
You hit the spiny frog. You burn the spiny frog.
The spiny frog is lightly wounded.
You hit the spiny frog but do no damage.
The spiny frog is lightly wounded.
The spiny frog stings you!! The Shining One protects you from harm!
Okay, then.
You hit the spiny frog. You burn the spiny frog.
The spiny frog is moderately wounded.
The spiny frog barely misses you.
You hit the spiny frog but do no damage.
The spiny frog is moderately wounded.
The spiny frog stings you!!
You die...

........###.....###...#
.........##......#...##
..................+..#
........#....##......#
.........#PP#####...###
...............####...#
.....................##
........<.=.........##
...............F@...##
.....................#
.....................#
....<.......#...##..##
...........#.######..#
...........### ..#
..........## ##
..........#P
............P


You could see a spiny frog.

Vanquished Creatures
  A dire elephant (Lair:6)
  6 hydras
  Erica (D:8)
  A fire crab (Lair:6)
  Pikel (D:4)
  The ghost of HungrySpirit the Jinx, a novice DEAr of Vehumet (D:9)
  A manticore (Lair:4)
  14 spiny frogs
  3 elephants (Lair:6)
  2 black mambas
  3 rime drakes
  4 komodo dragons
  4 polar bears (Lair:2)
  10 hippogriffs
  A hornet (Lair:3)
  3 blink frogs (Lair:4)
  Sigmund (D:6)
  12 yaks
  A spriggan (Lair:1)
  3 wyverns
  3 hogs (D:7)
  A human (D:7)
  Edmund (D:6)
  4 soldier ants (D:10)
  7 water moccasins
  6 porcupines
  3 black bears
  3 ice beasts
  2 phantoms (D:4)
  4 wolves (Lair:1)
  5 ogres
  7 crocodiles
  A centaur (D:6)
  5 big kobolds
  8 bullfrogs
  4 scorpions
  12 killer bees (D:10)
  An electric eel (Lair:2)
  2 howler monkeys
  2 crimson imps (D:6)
  2 bullfrog zombies (D:5)
  4 hounds
  A jelly (D:5)
  3 bullfrog skeletons
  A gnoll shaman (D:8)
  3 orc priests
  4 orc wizards
  Natasha (thrice) (D:4 D:5)
  3 iguanas
  13 worker ants
  A hound zombie (D:8)
  A howler monkey zombie (D:10)
  A worker ant zombie (D:10)
  Robin (D:3)
  9 gnolls
  3 howler monkey skeletons
  13 adders
  2 shadow imps
  A white imp (D:9)
  An ooze (D:1)
  3 worms
  7 dart slugs
  4 leopard geckos
  30 orcs
  9 giant cockroaches
  12 goblins
  10 hobgoblins
  10 jackals
  3 quokkas
  6 bats
  4 frilled lizards
  2 goblin skeletons (D:9)
  A goblin zombie (D:9)
  4 hobgoblin zombies (D:9)
  30 kobolds
  2 kobold skeletons (D:9)
  3 kobold zombies (D:9)
  2 orc skeletons (D:9)
  8 rats
374 creatures vanquished.

Vanquished Creatures (others)
  17 fungi
  10 plants
27 creatures vanquished.

Grand Total: 401 creatures vanquished

Notes
Turn   | Place    | Note
-------+----------+-------------------------------------------
     0 | D:1      | wazuzu the Halfling Fighter began the quest for the Orb.
     0 | D:1      | Reached XP level 1. HP: 15/15 MP: 1/1
    61 | D:1      | Reached XP level 2. HP: 17/20 MP: 2/2
   218 | D:1      | Reached skill level 3 in Long Blades
   774 | D:1      | Reached XP level 3. HP: 23/25 MP: 3/3
  1193 | D:2      | Reached skill level 4 in Long Blades
  1193 | D:2      | Reached XP level 4. HP: 16/30 MP: 4/4
  1650 | D:2      | Reached XP level 5. HP: 35/35 MP: 5/5
  1946 | D:3      | Reached skill level 5 in Long Blades
  1949 | D:3      | Noticed Robin
  1963 | D:3      | Killed Robin
  2437 | D:3      | Found a sacrificial altar of Ru.
  2552 | D:3      | Found a deep blue altar of Sif Muna.
  2563 | D:3      | Found a snail-covered altar of Cheibriados.
  2572 | D:3      | Reached XP level 6. HP: 19/41 MP: 6/6
  2826 | D:4      | Reached skill level 6 in Long Blades
  2837 | D:4      | Noticed Pikel
  2843 | D:4      | Noticed a slave
  2843 | D:4      | Noticed a slave
  2844 | D:4      | Noticed a slave
  2845 | D:4      | Noticed a slave
  2859 | D:4      | Killed Pikel
  2859 | D:4      | Reached skill level 8 in Long Blades
  2859 | D:4      | Reached XP level 7. HP: 14/45 MP: 7/7
  2859 | D:4      | Reached XP level 8. HP: 16/51 MP: 8/8
  2886 | D:4      | Reached skill level 9 in Long Blades
  3328 | D:4      | Noticed Natasha
  3335 | D:4      | Killed Natasha
  3484 | D:4      | Noticed Natasha
  3488 | D:4      | Killed Natasha
  4048 | D:5      | Entered Level 5 of the Dungeon
  4246 | D:5      | Reached skill level 5 in Shields
  4309 | D:5      | Reached XP level 9. HP: 55/55 MP: 9/9
  4479 | D:5      | Noticed Natasha
  4484 | D:5      | Killed Natasha
  4484 | D:5      | Reached skill level 10 in Long Blades
  4622 | D:6      | Noticed Edmund
  4652 | D:6      | Killed Edmund
  4784 | D:6      | Found an ornate altar of the Wu Jian Council.
  4818 | D:6      | Found a transporter.
  4973 | D:6      | You fall through a shaft for 3 floors!
  4973 | D:9      | Found a shimmering altar of Xom.
  4973 | D:9      | Found a glowing silver altar of Zin.
  4973 | D:9      | Noticed an angel
  5020 | D:9      | Noticed HungrySpirit's ghost (novice DEAr)
  5038 | D:9      | Killed HungrySpirit's ghost
  5038 | D:9      | Reached skill level 11 in Long Blades
  5095 | D:9      | Found a glowing golden altar of the Shining One.
  5120 | D:9      | Became a worshipper of the Shining One
  5301 | D:8      | Noticed Erica
  5322 | D:8      | Killed Erica
  5322 | D:8      | Reached skill level 12 in Long Blades
  5322 | D:8      | Reached XP level 10. HP: 29/61 MP: 10/10
  5331 | D:8      | Got a faintly humming ring mail
  5355 | D:6      | Identified the +3 ring mail of Ipeitoob {MR+++ MP-9 Dex-2 Stlth+} (You found it on level 8 of the Dungeon)
  5396 | D:6      | Found a transporter.
  5854 | D:6      | Noticed Sigmund
  5858 | D:6      | Killed Sigmund
  5858 | D:6      | Reached skill level 13 in Long Blades
  5967 | D:7      | Found a bloodstained altar of Trog.
  6153 | D:7      | Reached skill level 1 in Dodging
  6384 | D:7      | Found a staircase to the Ecumenical Temple.
  6462 | D:7      | Found a hide-covered altar of Uskayaw.
  6500 | D:7      | Found a shattered altar of Ashenzari.
  6502 | D:7      | Found an ancient bone altar of Kikubaaqudgha.
  7084 | D:8      | Reached * piety under the Shining One
  7121 | D:8      | Found Puagrebi's Magic Scroll Emporium.
  7127 | D:8      | Bought a scroll of identify for 24 gold pieces
  7127 | D:8      | Bought a scroll of identify for 24 gold pieces
  7127 | D:8      | Bought a scroll of amnesia for 42 gold pieces
  7621 | D:8      | Found a staircase to the Lair.
  7696 | D:8      | Noticed a komodo dragon
  7706 | D:8      | Killed a komodo dragon
  8250 | D:9      | Reached XP level 11. HP: 65/69 MP: 11/11
  8386 | D:10     | Entered Level 10 of the Dungeon
  8401 | D:10     | Reached skill level 5 in Armour
  8546 | D:10     | Found a glowing golden altar of the Shining One.
  8633 | D:10     | Found a staircase to the Orcish Mines.
  8684 | D:10     | Found the +9 staff of Olgreb {rPois}
  8698 | D:10     | Found a runed door.
  8721 | D:10     | Found a runed gate.
  8732 | D:10     | Found a runed gate.
  8732 | D:10     | Found a runed gate.
  8734 | D:10     | Reached ** piety under the Shining One
  8921 | D:10     | Found a runed door.
  9062 | D:10     | Reached skill level 5 in Fighting
  9179 | Lair:1   | Entered Level 1 of the Lair of Beasts
  9323 | Lair:1   | Reached skill level 5 in Dodging
  9601 | Lair:1   | Noticed a five-headed hydra
  9624 | Lair:1   | Reached skill level 1 in Evocations
  9630 | Lair:1   | Killed a one-headed hydra
  9819 | Lair:1   | Learned a level 1 spell: Apportation
  9823 | Lair:1   | Learned a level 3 spell: Lesser Beckoning
 10040 | Lair:2   | Reached XP level 12. HP: 40/78 MP: 12/14
 10270 | Lair:2   | Reached skill level 14 in Long Blades
 11541 | Lair:3   | Found a hole to the Spider Nest.
 11933 | Lair:3   | Found a dark tunnel.
 12288 | Lair:4   | Reached skill level 5 in Evocations
 12634 | Lair:4   | Found a staircase to the Shoals.
 12697 | Lair:4   | Noticed a seven-headed hydra
 12702 | Lair:4   | Killed a five-headed hydra
 13175 | Lair:5   | Reached XP level 13. HP: 86/87 MP: 17/17
 13558 | Lair:6   | Entered Level 6 of the Lair of Beasts
 13638 | Lair:6   | Noticed a six-headed hydra
 13650 | Lair:6   | Killed a one-headed hydra
 13713 | Lair:6   | Noticed a seven-headed hydra
 13717 | Lair:6   | Noticed a six-headed hydra
 13717 | Lair:6   | Reached *** piety under the Shining One
 13728 | Lair:6   | Killed a two-headed hydra
 13737 | Lair:6   | Killed a one-headed hydra
 13832 | Lair:6   | Found a staircase to the Slime Pits.
 13834 | Lair:6   | Noticed an eight-headed hydra
 13848 | Lair:6   | Killed a three-headed hydra
 13954 | Lair:6   | Reached skill level 10 in Evocations
 14162 | Lair:6   | Noticed a dire elephant
 14323 | Lair:6   | Killed a dire elephant
 14325 | Lair:6   | The Shining One protects you from harm!
 14327 | Lair:6   | Slain by a spiny frog

Skill      XL: |  1  2  3  4  5  6  7  8  9 10 11 12 13 |
---------------+----------------------------------------+-----
Long Blades    | 3 4 5 8 9 12 13 14 | 14.0
Shields        | 5 6 |  6.0
Dodging        | 3 5 8 |  8.1
Fighting       | 4 5 7 8 |  8.0
Armour         | 4 7 8 |  8.0
Evocations     | 2 6 10 | 10.7

Action                   |  1- 3 |  4- 6 |  7- 9 | 10-12 | 13-15 || total
-------------------------+-------+-------+-------+-------+-------++-------
Melee: Long sword        |    76 |   181 |   300 |       |       ||   557
       Scimitar          |       |       |       |   553 |   132 ||   685
       Staff             |       |       |       |       |     6 ||     6
Evoke: Wand              |       |       |     3 |     2 |     3 ||     8
       Lightning rod     |       |       |       |     2 |     1 ||     3
       Staff of Olgreb   |       |       |       |       |     9 ||     9
  Use: Scroll            |     3 |       |     6 |    13 |     5 ||    27
       Potion            |       |     3 |     5 |     3 |       ||    11
 Stab: Sleeping          |       |       |     1 |       |       ||     1
  Eat: Chunk             |     1 |     6 |     8 |    25 |     2 ||    42
       Ration            |       |       |       |       |     1 ||     1
Armor: Scale mail        |    42 |    57 |       |       |       ||    99
       Skin              |       |    16 |       |       |       ||    16
       Ring mail         |       |     9 |    50 |   107 |    49 ||   215
Dodge: Dodged            |    59 |   100 |   106 |   237 |   122 ||   624
Block: Buckler           |       |       |    78 |   178 |       ||   256
       Rpst.: Long sword |    22 |    36 |    32 |       |       ||    90
       Scimitar          |       |       |       |    56 |    17 ||    73
